 Dungeon Crawl Stone Soup version 0.23-a0-577-g2b1de94 (console) character file.

35 Duffy the Sneak (level 3, -1/28 HPs)
             Began as a Naga Fire Elementalist on Dec 14, 2018.
             Slain by a jackal (3 damage)
             ... on level 2 of the Dungeon.
             The game lasted 00:01:46 (935 turns).

Duffy the Sneak (Naga Fire Elementalist)             Turns: 935, Time: 00:01:47

Health: -1/28      AC:  2    Str: 10    XL:     3   Next: 33%
Magic:  1/6        EV: 10    Int: 16    God:
Gold:   66         SH:  0    Dex: 11    Spells: 2/6 levels left

rFire    . . .     SeeInvis +   (no weapon)
rCold    . . .     Gourm    .   (no shield)
rNeg     . . .     Faith    .   a - +0 robe
rPois    +         Spirit   .   (no helmet)
rElec    .         Reflect  .   (no cloak)
rCorr    .         Harm     .   (no gloves)
MR       .....                  (no barding)
Stlth    ++........             (no amulet)
HPRegen  0.09/turn              (no ring)
MPRegen  0.10/turn              (no ring)

@: short of breath, very slightly contaminated, very slow
A: large, see invisible, deformed body, poison resistance, slowness 2, slow
metabolism 1, spit poison 1, AC +1
a: Spit Poison


You were on level 2 of the Dungeon.
You were not hungry.

You visited 1 branch of the dungeon, and saw 2 of its levels.

You collected 66 gold pieces.

Inventory:

Armour
 a - a +0 robe (worn)
Wands
 m - a wand of flame (16)
Scrolls
 f - 2 scrolls of identify {unknown}
 g - a scroll of teleportation {unknown}
 l - a scroll of random uselessness {unknown}
Potions
 d - a potion of brilliance {unknown}
 e - a potion of agility {unknown}
 h - a potion of heal wounds {unknown}
 i - 2 potions of curing {unknown}
 j - a potion of degeneration {unknown}
 k - 2 potions of lignification {unknown}
Comestibles
 b - 5 chunks of flesh
 c - 5 rations


   Skills:
 - Level 1.5 Dodging
 - Level 3.0 Stealth
 + Level 2.0 Spellcasting
 + Level 3.0 Conjurations
 + Level 3.0 Fire Magic


You had 2 spell levels left.
You knew the following spells:

 Your Spells              Type           Power        Failure   Level  Hunger
h - Flame Tongue          Conj/Fire      ##...        6%          1    #......
l - Conjure Flame         Conj/Fire      ##......     19%         3    ###....

Your spell library contained the following spells:

 Spells                   Type           Power        Failure   Level  Hunger
 Throw Flame              Conj/Fire      ##....       9%          2    ###....
 Inner Flame              Hex/Fire       #.......     32%         3    ###....
 Sticky Flame             Conj/Fire      ##......     52%         4    #####..
 Fireball                 Conj/Fire      ##........   86%         5    ######.


Dungeon Overview and Level Annotations

Branches:
Dungeon (2/15)

Altars:
The Shining One


Innate Abilities, Weirdness & Mutations

You cannot wear boots.
Your serpentine skin is tough. (AC +1)
You have supernaturally acute eyesight. (SInv)
Armour fits poorly on your strangely shaped body.
Your system is resistant to poisons. (rPois)
You cover ground very slowly.
You have a slow metabolism.
You can spit poison.


Message History

Confirm with . or Enter, or press ? or * to list all spells.
Aiming: Flame Tongue (safe; 6% risk of failure)
Press: ? - help, Shift-Dir - straight line, f - quokka
Aim: a quokka The flame tongue misses the quokka.
The quokka closely misses you. The quokka bites you.
The jackal barely misses you.
The quokka bites you but does no damage.
You have got your breath back.
The jackal barely misses you. The quokka closely misses you.
Press: ? - help, Shift-Dir - straight line, f - jackal, p - quokka
Aim: a jackal The splash of poison misses the quokka.
The splash of poison misses the jackal.
You feel slightly more hungry.
The quokka twitches its whiskers.
The quokka bites you. The quokka barely misses you. The jackal bites you.
You die...

#..#.......##.##....
#..###..<%..........
#..##
##......#.##.#. #
#..# ##.....#....#
### ..#
#..##..#...#..# ..#.
#.#..##...#....## #
....# _.#.
###.......# .
......#
#.#..##.hr###...# ..
.####.. ..# .+#.@###
##%.# .. .### . ##.
.##...# #..## ...
.>.# # ##....#
##.)#####.# .#..
#...#.# #...##...#
.... #....#.#
#.#....#.# .###
#......# #........#
## ..... ...
###..###.# ..##. ...
.....# .# ##.##.. #


You could see a quokka and a jackal.

Vanquished Creatures
  A dart slug (D:1)
  2 leopard geckos
  3 giant cockroaches
  5 goblins
  3 hobgoblins
  3 jackals (D:2)
  2 kobolds
  3 bats
  2 frilled lizards
  4 rats
28 creatures vanquished.

Notes
Turn   | Place    | Note
-------+----------+-------------------------------------------
     0 | D:1      | Duffy the Naga Fire Elementalist began the quest for the
                  | Orb.
     0 | D:1      | Reached XP level 1. HP: 15/15 MP: 3/3
    10 | D:1      | Noticed an electric eel
   226 | D:1      | Reached XP level 2. HP: 22/22 MP: 5/5
   788 | D:2      | Reached XP level 3. HP: 28/28 MP: 6/6
   796 | D:2      | Learned a level 3 spell: Conjure Flame
   847 | D:2      | Found a glowing golden altar of the Shining One.
   935 | D:2      | Slain by a jackal

Vault maps used:
D:1:      arrival_aquarium_a
D:2:      lemuel_coloured_pillars_altar, tso_metal_star

Skill      XL: |  1  2  3 |
---------------+----------+-----
Conjurations   | 2 3 |  3.0
Dodging        | |  1.5
Stealth        | |  3.0
Spellcasting   | |  2.0
Fire Magic     | |  3.0

Action                   || total
-------------------------++-------
 Cast: Flame Tongue      ||    24
 Abil: Spit Poison       ||    20
  Eat: Chunk             ||     1
Armor: Robe              ||     5
Dodge: Dodged            ||    21

Table legend:
 A = Non-vault XP
 B = Vault XP
 C = Vault XP percentage of total XP
 D = Non-vault monster count
 E = Vault monster count
 F = Vault count percentage of total count
                 A         B        C        D         E       F
            +---------+---------+-------+---------+---------+-------
      Total |      50 |       0 |   0.0 |      28 |       0 |   0.0
            +---------+---------+-------+---------+---------+-------
        D:1 |      24 |       0 |   0.0 |      12 |       0 |   0.0
        D:2 |      26 |       0 |   0.0 |      16 |       0 |   0.0
            +---------+---------+-------+---------+---------+-------
